 Dungeon Crawl Stone Soup version 0.31-a0-360-gb3e1d13bf4 (webtiles) character file.

Game seed: 7387026414711050231

366 randomguy2701 the Chopper (level 6, 0/55 HPs)
             Began as a Minotaur Fighter on July 26, 2023.
             Was an Initiate of Okawaru.
             Slain by an ice beast (11 damage)
             ... on level 5 of the Dungeon.
             The game lasted 00:03:02 (3313 turns).

randomguy2701 the Chopper (Minotaur Fighter)        Turns: 3313, Time: 00:03:04

Health: 0/55       AC: 12    Str: 20    XL:     6   Next: 40%
Magic:  5/5        EV:  6    Int:  5    God:    Okawaru [......]
Gold:   192        SH:  5    Dex: 12    Spells: 5/5 levels left

rFire   . . .        a - +0 war axe
rCold   . . .        c - +0 buckler
rNeg    . . .        o - +0 plate armour
rPois   .            (helmet restricted)
rElec   .            (no cloak)
rCorr   .            (no gloves)
SInv    .            (no boots)
Will    .....        (no amulet) Stlth
                     (no ring)
HPRegen 0.29/turn    (no ring)
MPRegen 0.09/turn

%: no passive effects
@: no status effects
A: horns 2, retaliatory headbutt
a: Renounce Religion


You were on level 5 of the Dungeon.
You worshipped Okawaru.
Okawaru was noncommittal.
You visited 1 branch of the dungeon, and saw 5 of its levels.

You collected 192 gold pieces.

Inventory:

Hand Weapons
 a - a +0 war axe (weapon)
Missiles
 m - a throwing net
Armour
 c - a +0 buckler (worn)
 o - a +0 plate armour (worn)
Jewellery
 l - an amulet of guardian spirit
 s - a ring of protection from fire
 t - a ring of protection from cold
Scrolls
 b - a scroll of silence {unknown}
 e - a scroll of brand weapon {unknown}
 g - a scroll of identify {unknown}
 i - 4 scrolls of immolation {unknown}
 j - a scroll of teleportation {unknown}
 k - a scroll of torment {unknown}
 q - a scroll of enchant weapon {unknown}
 v - a scroll of blinking {unknown}
 w - a scroll of poison {unknown}
Potions
 d - a potion of might
 f - a potion of brilliance {unknown}
 h - a potion of berserk rage {unknown}
 n - 2 potions of enlightenment {unknown}
 p - a potion of curing {unknown}
 r - 2 potions of lignification {unknown}
 u - a potion of magic {unknown}


   Skills:
 + Level 4.8 Fighting
 + Level 5.8 Axes
 + Level 5.4 Armour
 + Level 0.7 Dodging
 + Level 4.4 Shields


You had 5 spell levels left.
You didn't know any spells.
Your spell library contained the following spells:

 Spells                   Type           Power      Damage    Failure   Level
 Ensorcelled Hibernation  Hex/Ice        0%         N/A       100%        2
 Hailstorm                Conj/Ice       0%         3d3       100%        3
 Anguish                  Hex/Necr       0%         N/A       100%        4
 Summon Ice Beast         Ice/Summ       Unusable   N/A       N/A         4
 Simulacrum               Ice/Necr       Unusable   N/A       N/A         6

Dungeon Overview and Level Annotations

Branches:
Dungeon (5/15)             Temple (0/1) D:4

Altars:
Okawaru
Trog

Shops:
D:5 =

Annotations:
D:3 3 runed translucent doors, ElfOfPi's ghost, amateur HuWn; LeprechaunX's ghost, amateur OpSh; LustLizard's ghost, amateur OpSh


Innate Abilities, Weirdness & Mutations

You have a pair of horns on your head.
You reflexively headbutt those who attack you in melee.


Message History

A bullfrog comes into view.
Found a sedimented purple potion.
You slash the bullfrog!
The bullfrog is heavily wounded.
The bullfrog hits you but does no damage. x2
An ice beast comes into view.
You barely miss the bullfrog.
The bullfrog is heavily wounded.
You hit Menkaure. The bullfrog hits you. The bullfrog barely misses you.
You furiously retaliate!
You headbutt the bullfrog!
You kill the bullfrog!
Okawaru accepts your kill. Menkaure hits you but does no damage.
You hit Menkaure but do no damage.
Menkaure is lightly damaged.
Menkaure hits you!
You barely miss Menkaure.
You headbutt Menkaure, but do no damage.
Menkaure is lightly damaged.
Menkaure hits you but does no damage.
You slash Menkaure!
Menkaure is heavily damaged.
You hit Menkaure but do no damage. Your headbutt misses Menkaure.
Menkaure is heavily damaged.
Menkaure calls on the powers of darkness!
The ice beast convulses!
Your body is wracked with pain!
Menkaure calls on the powers of darkness!
The ice beast convulses!
Your body is wracked with pain!
* * * LOW HITPOINT WARNING * * *
You slash Menkaure!
Menkaure is almost destroyed.
Menkaure gestures wildly while chanting.
Menkaure seems to speed up.
You slash Menkaure!
You destroy Menkaure!
Okawaru is honoured by your kill.
You hit the ice beast but do no damage. The ice beast hits you.
* * * LOW HITPOINT WARNING * * *
The ice beast freezes you!
You die...

#.. #.!#
#..# #..#
#..# #..#
#..####.###
#.Y@.......
##.###...##
#.# #.#.#
#.# #.#.#
#.# #.#.#
#.# #.#.###
#.# #.....
#.###...#
#∩.##...#


You could see an ice beast.

Vanquished Creatures
  Menkaure (D:5)
  A bullfrog (D:5)
  A hound (D:4)
  2 sleepcaps (D:4)
  2 iguanas (D:4)
  6 adders
  An ufetubus (D:4)
  A worm (D:4)
  3 dart slugs
  10 orcs
  6 bats
  9 endoplasms
  2 giant cockroaches
  9 goblins
  2 hobgoblins (D:1)
  8 jackals
  12 kobolds
  3 quokkas
  6 ball pythons
  6 rats
91 creatures vanquished.

Notes
Turn   | Place    | Note
-------+----------+-------------------------------------------
     0 | D:1      | randomguy2701 the Minotaur Fighter began the quest for the
                  | Orb.
     0 | D:1      | Reached XP level 1. HP: 19/19 MP: 0/0
   135 | D:1      | Reached XP level 2. HP: 27/27 MP: 1/1
   386 | D:1      | Reached XP level 3. HP: 33/33 MP: 2/2
   564 | D:1      | Found a faded altar of an unknown god.
  1354 | D:2      | Reached XP level 4. HP: 35/40 MP: 3/3
  2042 | D:3      | Found a runed translucent gate.
  2042 | D:3      | Found a runed translucent gate.
  2042 | D:3      | Found a runed translucent gate.
  2057 | D:3      | Noticed ElfOfPi's ghost (amateur HuWn)
  2057 | D:3      | Noticed LeprechaunX's ghost (amateur OpSh)
  2057 | D:3      | Noticed LustLizard's ghost (amateur OpSh)
  2418 | D:4      | Reached XP level 5. HP: 24/47 MP: 4/4
  2589 | D:4      | Reached skill level 5 in Axes
  2603 | D:4      | Reached skill level 5 in Armour
  2732 | D:4      | Reached XP level 6. HP: 9/53 MP: 5/5
  2989 | D:4      | Found a staircase to the Ecumenical Temple.
  3091 | D:4      | Found a bloodstained altar of Trog.
  3117 | D:4      | Found an iron altar of Okawaru.
  3249 | D:4      | Became a worshipper of Warmaster Okawaru
  3265 | D:5      | Entered Level 5 of the Dungeon
  3288 | D:5      | Found Cyomuuwuo's Jewellery Shop.
  3303 | D:5      | Noticed Menkaure
  3306 | D:5      | Noticed an ice beast
  3313 | D:5      | Killed Menkaure
  3313 | D:5      | Slain by an ice beast

Illustrated notes

Levels and vault maps discovered:
D:1:      ldierk_walled_garden, layout_loops_corners,
          dreamdust_ecumenical_altar_hidden_monk_grotto,
          minmay_misc_feat_ornament, chequers_jeans
D:2:      layout_loops_cross
D:3:      layout_basic, gammafunk_ghost_cemetery
D:4:      layout_cave_pools, kennysheep_mini_moat, okawaru_gym_becter,
          minmay_temple_entry_ruins
D:5:      layout_loops_ring, serial_shops, shop, ebering_ghost_reflecting_pool,
          uniq_menkaure

Skill      XL: |  1  2  3  4  5 |
---------------+----------------+-----
Fighting       | 4 |  4.8
Armour         | 4 5 |  5.4
Shields        | 4 |  4.4
Axes           | 3 4 5 |  5.8
Dodging        | |  0.7

Action                     |  1- 3 |  4- 6 || total
---------------------------+-------+-------++-------
  Melee: War axe           |    83 |   111 ||   194
         Headbutt          |     5 |    17 ||    22
 Armour: Scale mail        |    42 |     2 ||    44
         Plate armour      |       |    85 ||    85
  Dodge: Dodged            |    31 |    37 ||    68
  Block: Buckler           |    21 |    21 ||    42

Table legend: (Time is in decaauts)
 A = Elapsed time spent in this place.
 B = Non-inter-level travel time spent in this place.
 C = Inter-level travel time spent in this place.
 D = Time resting spent in this place.
 E = Time spent auto-exploring this place.
 F = Levels seen in this place.
 G = Mean time per level.
                   A        B        C        D        E       F      G
               +--------+--------+--------+--------+--------+-----+--------+
         Total |   3377 |   3174 |    203 |      0 |   2648 |   5 |  675.4 |
       Dungeon |   3377 |   3174 |    203 |      0 |   2648 |   5 |  675.4 |
               +--------+--------+--------+--------+--------+-----+--------+

Top non-repeatable levels by time:
     D:1: 1029 daAuts
     D:4: 921 daAuts
     D:2: 784 daAuts
     D:3: 592 daAuts
     D:5: 49 daAuts
